 Dungeon Crawl Stone Soup version 0.29.1-2-gbd0b4ee654 (webtiles) character file.

Game seed: 5030060506982529899

93 leafyfresh the Conjurer (level 4, -2/36 HPs)
             Began as a Deep Elf Conjurer on Nov 9, 2022.
             Succumbed to a kobold's poison
             ... on level 3 of the Dungeon.
             The game lasted 00:03:10 (2221 turns).

leafyfresh the Conjurer (Deep Elf Conjurer)         Turns: 2221, Time: 00:03:10

Health: -2/36      AC: 22    Str:  4    XL:     4   Next: 36%
Magic:  2/12       EV:  2    Int: 25    God:
Gold:   57         SH:  0    Dex: 13    Spells: 9/12 levels left

rFire   . . .      SeeInvis .   o - +2 dagger (venom)
rCold   . . .      Faith    .   (no shield)
rNeg    . . .      Spirit   .   (body armour currently unavailable)
rPois   +          Reflect  .   (helmet currently unavailable)
rElec   .          Harm     .   (cloak currently unavailable)
rCorr   .          Rampage  .   (gloves currently unavailable)
Will    .....      NoTele   +   (boots currently unavailable)
Stlth   ++........              (no amulet)
HPRegen 0.12/turn               (no ring)
MPRegen 0.13/turn               (no ring)

@: lethally poisoned (-2 -> -33), tree-form
A: stationary, stasis, torment immunity, boosted hp
a: no special abilities


You were on level 3 of the Dungeon.
You were a tree.
You visited 1 branch of the dungeon, and saw 3 of its levels.

You collected 57 gold pieces.

Inventory:

Hand Weapons
 o - a +2 dagger of venom (weapon)
Missiles
 r - 4 poisoned darts
Armour
 a - a +0 robe (melded)
 l - a +0 pair of boots (melded)
Scrolls
 d - 2 scrolls of identify {unknown}
 f - 2 scrolls of amnesia {unknown}
 h - 2 scrolls of noise {unknown}
 n - a scroll of fear {unknown}
 q - a scroll of enchant weapon {unknown}
Potions
 b - a potion of magic
 e - a potion of mutation {unknown}
 g - a potion of curing {unknown}
 i - a potion of might {unknown}
 j - a potion of haste {unknown}
 k - a potion of cancellation {unknown}
 m - a potion of attraction {unknown}
 p - a potion of degeneration {unknown}


   Skills:
 - Level 2.4 Dodging
 - Level 2.4 Stealth
 + Level 4.9 Spellcasting
 + Level 5.5 Conjurations


You had 9 spell levels left.
You knew the following spells:

 Your Spells              Type           Power      Damage    Failure   Level
a - Magic Dart            Conj           100%       1d8       1%          1
b - Blink                 Tloc           12%        N/A       13%         2

Your spell library contained the following spells:

 Spells                   Type           Power      Damage    Failure   Level
 Searing Ray              Conj           66%        2d6       1%          2
 Dazzling Flash           Conj/Hex       40%        N/A       8%          3
 Scorch                   Fire           12%        2d5       13%         2
 Lesser Beckoning         Tloc           6%         N/A       26%         3
 Flame Wave               Conj/Fire      20%        2d7       26%         4
 Fulminant Prism          Conj/Hex       10%        3d9       26%         4
 Iskenderun's Mystic Bla  Conj/Tloc      20%        2d6       26%         4
 Manifold Assault         Tloc           6%         N/A       93%         5
 Summon Cactus Giant      Summ           3%         N/A       100%        6


Dungeon Overview and Level Annotations

Branches:
Dungeon (3/15)

Altars:


Message History

You kill the endoplasm!
Casting: Magic Dart (safe; 1% risk of failure)
Confirm with . or Enter, or press ? or * to list all spells.
Aiming: Magic Dart (safe; 1% risk of failure)
Press: ? - help, Shift-Dir - straight line, f - kobold
Aim: a kobold, wielding a +1 dagger of venom and quivering stones (100% to hit)
The magic dart hits the kobold but does no damage.
The kobold hits you with a +1 dagger of venom.
You are poisoned.
Casting: Magic Dart (safe; 1% risk of failure)
Confirm with . or Enter, or press ? or * to list all spells.
Aiming: Magic Dart (safe; 1% risk of failure)
Press: ? - help, Shift-Dir - straight line, f/p - kobold
Aim: a kobold, wielding a +1 dagger of venom and quivering stones (100% to hit)
The magic dart hits the kobold.
The kobold is heavily wounded.
You feel very sick. The kobold barely misses you.
Unknown command.
You barely miss the kobold.
The kobold is moderately wounded.
You feel sick.
The kobold hits you with a +1 dagger of venom.
You are lethally poisoned!
You barely miss the kobold.
The kobold is moderately wounded.
You feel very sick. The kobold hits you but does no damage.
You are more poisoned.
You closely miss the kobold.
The kobold is moderately wounded.
* * * LOW HITPOINT WARNING * * *
You feel very sick.
The kobold hits you with a +1 dagger of venom.
* * * LOW HITPOINT WARNING * * *
You are more poisoned.
It was a potion of lignification.
You turn into a tree.
Your +0 pair of boots melds into your body.
Your +0 robe melds into your body.
Your roots penetrate the ground.
You die...

#### ....
##############..#
............♣K..#
###....######......
+.........# ####.
#....####.#
#.<..####
####.....>...
#............
##.#.#####....
#.#.# ....


You could see a kobold.

Vanquished Creatures
  4 adders
  5 dart slugs
  6 endoplasms
  A giant cockroach (D:2)
  3 goblins (D:1)
  3 hobgoblins
  6 jackals
  3 quokkas
  3 ball pythons (D:2)
  2 bats
  2 frilled lizards (D:2)
  3 kobolds
  4 rats
45 creatures vanquished.

Notes
Turn   | Place    | Note
-------+----------+-------------------------------------------
     0 | D:1      | leafyfresh the Deep Elf Conjurer began the quest for the
                  | Orb.
     0 | D:1      | Reached XP level 1. HP: 10/10 MP: 6/6
   306 | D:1      | Reached XP level 2. HP: 15/15 MP: 5/8
  1225 | D:2      | Reached skill level 5 in Conjurations
  1225 | D:2      | Reached XP level 3. HP: 10/19 MP: 8/10
  1708 | D:2      | Learned a level 2 spell: Blink
  1840 | D:2      | Reached XP level 4. HP: 19/24 MP: 2/12
  2221 | D:3      | Succumbed to a kobold's poison

Illustrated notes

Levels and vault maps discovered:
D:1:      co_arrival_random_square_maze, layout_loops_ring
D:2:      layout_rooms
D:3:      layout_basic, zin_treasury,
          chequers_temple_overflow_statue_of_worship, kennysheep_crisscross,
          minmay_quantized, uniq_grinder

Skill      XL: |  1  2 |
---------------+-------+-----
Spellcasting   | 4 |  4.9
Conjurations   | 5 |  5.5
Dodging        | |  2.4
Stealth        | |  2.4

Action                   |  1- 3 |  4- 6 || total
-------------------------+-------+-------++-------
Melee: Unarmed           |    10 |       ||    10
       Dagger            |       |     3 ||     3
 Cast: Magic Dart        |    70 |    14 ||    84
  Use: Potion            |       |     1 ||     1
Armor: Robe              |     2 |     2 ||     4
Dodge: Dodged            |    19 |     4 ||    23
